 Dungeon Crawl Stone Soup version 0.17.1-2-g5865329 (webtiles) character file.

14 Pepeogr the Conjurer (level 2, -1/20 HPs)
             Began as a Draconian Conjurer on Feb 9, 2016.
             Slain by a goblin
             ... wielding a +0 dagger
              (5 damage)
             ... on level 1 of the Dungeon.
             The game lasted 00:20:13 (569 turns).

Pepeogr the Conjurer (Draconian Conjurer)            Turns: 569, Time: 00:20:13

Health: -1/20      AC:  4    Str: 10      XL:     2   Next: 27%
Magic:  1/5        EV: 12    Int: 14 (15) God:
Gold:   20         SH:  0    Dex: 11      Spells: 2 memorised, 2 levels left

rFire  . . .     SeeInvis .     f - +0 dagger {f}
rCold  . . .     Clarity  .     (armour unavailable)
rNeg   . . .     SustAt   .     (no shield)
rPois  .         Gourm    .     (helmet restricted)
rElec  .         Spirit   .     (no cloak)
rCorr  .         Warding  .     (no gloves)
rMut   .         Stasis   .     (no boots)
MR     .....                    (no amulet)
Stlth  ++........               (no ring)
                                (no ring)

@: not resistant to hostile enchantments, unstealthy
A: unfitting armour, cold-blooded, AC +4
a: no special abilities


You were on level 1 of the Dungeon.
You were not hungry.

You visited 1 branch of the dungeon, and saw 1 of its levels.

You collected 20 gold pieces.

Inventory:

Hand Weapons
 f - a +0 dagger (weapon) {f}
 j - a +0 club
Missiles
 e - 39 stones (quivered)
 g - 12 bolts
Armour
 h - a +0 leather armour
Potions
 c - a potion of might {unknown}
 d - a potion of agility
Books
 a - a book of Conjurations

   Spells                             Type                      Level
   a - Magic Dart                     Conjuration                  1
   b - Searing Ray                    Conjuration                  2
   c - Dazzling Spray                 Conjuration/Hexes            3
   d - Fulminant Prism                Conjuration/Hexes            4
   e - Iskenderun's Mystic Blast      Conjuration                  4
   f - Iskenderun's Battlesphere      Conjuration/Charms           5
Comestibles
 b - a bread ration


   Skills:
 + Level 1.9 Dodging
 + Level 1.8 Stealth
 + Level 2.0 Spellcasting
 + Level 4.4 Conjurations


You had 2 spell levels left.
You knew the following spells:

 Your Spells              Type           Power        Failure   Level  Hunger
a - Magic Dart            Conj           ##..         4%          1    ##.....
b - Searing Ray           Conj           ##....       10%         2    ###....


Dungeon Overview and Level Annotations

Branches:
Dungeon (1/15)

Altars:


Innate Abilities, Weirdness & Mutations

Your plain brown scales are hard (AC +4).
Your body does not fit into most forms of armour.
You are cold-blooded and may be slowed by cold attacks.


Message History

The goblin hits you but does no damage.
You hit the goblin.
The goblin is heavily wounded.
The jackal closely misses you. The jackal misses you.
The jackal barely misses you. The goblin barely misses you.
The jackal closely misses you.
You barely miss the goblin.
The goblin is heavily wounded.
The jackal closely misses you. The jackal barely misses you.
The goblin hits you with a dagger.
You hit the goblin but do no damage.
The goblin is heavily wounded.
The jackal barely misses you. The jackal closely misses you.
The goblin barely misses you. The jackal barely misses you.
You closely miss the jackal. The jackal bites you.
The jackal bites you but does no damage.
The jackal closely misses you. The goblin hits you with a dagger.
* * * LOW HITPOINT WARNING * * *
The goblin hits you with a dagger.
You die...

...........# #...##.....# #.#.
...........# #...##.....####+#.
...........# #...##.....##.....
...........# ###...##.....##....#
...........###.............'....#
..........÷..........#######....#
.....................# #....#
.................h...# ######
................@h...#
.................g...#
...................†.#
.....................#
.....................#
###########..........#
#..........# #..........#
#..........#


You could see 2 jackals and a goblin.

Vanquished Creatures
  An ooze (D:1)
  2 hobgoblins (D:1)
  A jackal (D:1)
  2 giant geckos (D:1)
  2 giant newts (D:1)
  A kobold (D:1)
  2 rats (D:1)
11 creatures vanquished.

Notes
Turn   | Place    | Note
--------------------------------------------------------------
     0 | D:1      | Pepeogr the Draconian Conjurer began the quest for the Orb.
     0 | D:1      | Reached XP level 1. HP: 14/14 MP: 3/3
   480 | D:1      | Reached XP level 2. HP: 8/20 MP: 3/5
   492 | D:1      | Learned a level 2 spell: Searing Ray
   569 | D:1      | Slain by a goblin

Action                   || total
-------------------------++-------
Melee: Dagger            ||    53
Throw: Stone             ||     1
 Cast: Magic Dart        ||     9
  Use: Scroll            ||     2
       Potion            ||     1
 Stab: Sleeping          ||     2
